 Dungeon Crawl Stone Soup version 0.31.0-12-g77e489cdc1 (webtiles) character file.

Game seed: 13401604368440928873

6782 Gadfly the Basher (level 11, -2/172 HPs)
             Began as an Oni Berserker on Feb 24, 2024.
             Was an Elder of Trog.
             Slain by a yak (8 damage)
             ... on level 10 of the Dungeon.
             The game lasted 00:13:35 (9173 turns).

Gadfly the Basher (Oni Berserker)                   Turns: 9173, Time: 00:13:35

Health: -2/172     AC:  9    Str: 27    XL:     11   Next: 5%
Magic:  11/11      EV: 10    Int:  8    God:    Trog [****..]
Gold:   298        SH:  0    Dex: 16    Spells: 10/10 levels left

rFire   . . .        a - +6 dire flail of Damp Prudence {drain, rN+ Str+2 Dex+6}
rCold   . . .        (shield currently unavailable)
rNeg    + . .        v - +0 acid dragon scales
rPois   .            (helmet restricted)
rElec   .            (no cloak)
rCorr   +            (gloves unavailable)
SInv    .            (boots unavailable)
Will    +....        p - amulet of regeneration Stlth
                     h - ring of resist corrosion
HPRegen 1.28/turn    (no ring)
MPRegen 0.12/turn

%: no passive effects
@: berserking (expiring), very quick
A: large, unfitting armour, horns 1, tough skin 1, double potion healing,
drunken brawling
a: Renounce Religion, Berserk, Trog's Hand, Brothers in Arms


You were on level 10 of the Dungeon.
You worshipped Trog.
Trog was greatly pleased with you.
You visited 1 branch of the dungeon, and saw 10 of its levels.
You also visited: Ossuary.

You collected 298 gold pieces.

Inventory:

Hand Weapons
 a - the +6 dire flail of Damp Prudence (weapon) {drain, rN+ Str+2 Dex+6}
   (You found it on level 9 of the Dungeon)

   Str+2:     It affects your strength (+2).
   Dex+6:     It affects your dexterity (+6).
   rN+:       It protects you from negative energy.
 b - a +1 flail of holy wrath
 C - a +2 spectral dire flail
Armour
 l - +0 steam dragon scales
 s - a +0 robe of willpower
 v - +0 acid dragon scales (worn)
Jewellery
 h - a ring of resist corrosion (left hand)
 p - an amulet of regeneration (around neck)
Wands
 i - a wand of mindburst (19) (quivered)
 n - a wand of digging (5)
 u - a wand of polymorph (13)
 y - a wand of paralysis (11)
Scrolls
 d - 2 scrolls of enchant armour
 f - 2 scrolls of brand weapon
 j - 3 scrolls of vulnerability
 r - a scroll of fog
 w - a scroll of identify
 z - a scroll of poison
 B - a scroll of teleportation
Potions
 e - 5 potions of curing
 g - 5 potions of haste
 k - a potion of resistance
 m - 2 potions of berserk rage
 o - 2 potions of might
 t - 3 potions of cancellation


   Skills:
 + Level 9.3 Fighting
 * Level 9.5 Maces & Flails
 * Level 7.9 Armour
 - Level 2.6 Dodging
 * Level 7.3 Evocations


You had 10 spell levels left.
You didn't know any spells.
Your spell library was empty.

Dungeon Overview and Level Annotations

Branches:
Dungeon (10/15)            Temple (0/1) D:4            Lair (0/5) D:8
Ossuary (visited)
    Orc: D:9-12

Altars:
Ashenzari
Dithmenos
Elyvilon
Fedhas
Hepliaklqana
Kikubaaqudgha
Makhleb
Okawaru
Qazlal
Sif Muna
Uskayaw
Xom
Yredelemnul
Zin
The Shining One

Shops:
D:2 =   D:4 ?


Innate Abilities, Weirdness & Mutations

You are too large for most types of armour.
You have a pair of small horns on your head.
You have tough skin. (AC +1)
You gain doubled healing and magic from potions.
Whenever you drink a healing potion, you attack all around you.


Message History

* * * LOW HITPOINT WARNING * * *
You sock the yak!
The yak is heavily wounded.
You feel sick.
You completely miss the yak. Your headbutt misses the yak.
The yak is heavily wounded.
The yak misses you. The yak gores you!
* * * LOW HITPOINT WARNING * * *
The yak gores you but does no damage.
Unknown command.
You puncture the yak!
The yak is moderately wounded.
You feel sick.
You impale the yak!!
You kill the yak!
Trog accepts your kill. The yak barely misses you. The yak gores you!
* * * LOW HITPOINT WARNING * * *
Unknown command.
You barely miss the yak. You headbutt the yak, but do no damage.
The yak is heavily wounded.
You feel sick. The yak closely misses you. The yak gores you.
* * * LOW HITPOINT WARNING * * *
The yak gores you but does no damage.
You bludgeon the yak!!
You kill the yak!
Trog accepts your kill.
You feel sick.
You are no longer poisoned.
You puncture the yak!
The yak is moderately wounded.
The yak barely misses you. The yak gores you.
* * * LOW HITPOINT WARNING * * *
You barely miss the yak. Your headbutt misses the yak.
The yak is moderately wounded.
Unknown command.
You puncture the yak!
The yak is severely wounded.
The yak gores you!
You die...

##
#+.##
#.YY#
#Y@#
####


You could see 3 yaks.

Vanquished Creatures
  Jeremiah (D:9)
  Maggie (D:6)
  A spectral unseen horror (D:6)
  An unseen horror skeleton (D:6)
  2 trolls (D:9)
  A hornet (D:9)
  8 yaks
  Sigmund (D:3)
  Menkaure (D:6)
  A steam dragon (D:8)
  2 water moccasins
  2 orc warriors
  A sky beast (D:8)
  A black bear (D:4)
  An ice beast (D:7)
  3 ogres (D:5)
  2 centaurs
  The ghost of pornfreak the Slasher, an amateur DsGl (D:6)
  A phantom (D:7)
  3 kobold brigands
  4 scorpions
  3 bullfrogs
  8 wights
  3 bombardier beetles
  4 howler monkeys
  6 hounds
  A jelly (D:4)
  2 gnoll boudas
  3 orc priests
  A sleepcap (D:6)
  5 orc wizards
  2 iguanas (D:6)
  5 scorpion zombies (Ossuary)
  A spectral howler monkey (D:6)
  4 mummies
  A killer bee simulacrum (D:6)
  9 gnolls
  7 adders
  3 shadow imps
  3 ufetubi
  4 adder zombies (Ossuary)
  3 dart slugs
  16 orcs
  4 ball pythons
  6 endoplasms (D:2)
  2 giant cockroaches (D:1)
  7 goblins
  5 hobgoblins
  4 jackals (D:1)
  2 quokkas
  5 bats
  A frilled lizard (D:3)
  5 gnoll zombies (Ossuary)
  2 jackal zombies (Ossuary)
  13 kobolds
  A kobold zombie (Ossuary)
  3 rats (D:2)
  A spectral orc (D:4)
194 creatures vanquished.

Notes
Turn   | Place    | Note
-------+----------+-------------------------------------------
     0 | D:1      | Gadfly the Oni Berserker began the quest for the Orb.
     0 | D:1      | Reached XP level 1. HP: 24/24 MP: 1/1
    75 | D:1      | Reached XP level 2. HP: 14/32 MP: 2/2
   739 | D:2      | Reached skill level 1 in Armour
   755 | D:2      | Reached skill level 1 in Evocations
   755 | D:2      | Reached XP level 3. HP: 39/39 MP: 3/3
   979 | D:2      | Reached ** piety under Trog
  1006 | D:2      | Found a faded altar of an unknown god.
  1122 | D:2      | Reached XP level 4. HP: 46/49 MP: 4/4
  1206 | D:2      | You fall into a shaft and drop 2 floors!
  1216 | D:4      | Found Tielustu's Magic Scroll Boutique.
  1251 | D:4      | Noticed a black bear
  1267 | D:4      | Killed a black bear
  1268 | D:4      | Reached XP level 5. HP: 43/55 MP: 5/5
  1494 | D:4      | Found a burning altar of Makhleb.
  1498 | D:4      | Noticed a kobold brigand
  1515 | D:4      | Killed a kobold brigand
  1516 | D:4      | Reached XP level 6. HP: 31/65 MP: 6/6
  1666 | D:3      | Found a hide-covered altar of Uskayaw.
  1682 | D:3      | Reached skill level 5 in Fighting
  1874 | D:3      | Found a shadowy altar of Dithmenos.
  2049 | D:2      | Found Qiatig's Jewellery Shoppe.
  2143 | D:3      | Noticed Sigmund
  2386 | D:3      | Killed Sigmund
  2387 | D:3      | Reached XP level 7. HP: 70/72 MP: 7/7
  2841 | D:4      | Reached skill level 5 in Maces & Flails
  2916 | D:4      | Found a staircase to the Ecumenical Temple.
  2960 | D:4      | Found an iron altar of Okawaru.
  3107 | D:4      | Found a hazy altar of Hepliaklqana.
  3287 | D:5      | Entered Level 5 of the Dungeon
  3302 | D:5      | Found a basalt altar of Yredelemnul.
  3464 | D:5      | Found an ancient bone altar of Kikubaaqudgha.
  3674 | D:5      | Reached XP level 8. HP: 80/83 MP: 8/8
  4693 | D:6      | Found a sand-covered staircase.
  4708 | Ossuary  | Entered an ossuary
  4725 | Ossuary  | Reached *** piety under Trog
  5331 | D:6      | Found a shimmering altar of Xom.
  5446 | D:6      | Noticed Maggie
  5471 | D:6      | Reached skill level 5 in Armour
  5477 | D:6      | Killed Maggie
  5478 | D:6      | Reached XP level 9. HP: 69/93 MP: 9/9
  5693 | D:6      | Reached skill level 5 in Evocations
  5828 | D:6      | Noticed Menkaure
  5833 | D:6      | Killed Menkaure
  5983 | D:6      | Found a runed translucent gate.
  5983 | D:6      | Found a runed translucent gate.
  5984 | D:6      | Found a runed translucent gate.
  5987 | D:6      | Noticed pornfreak's ghost (amateur DsGl)
  5987 | D:6      | Noticed a spectral unseen horror
  6173 | D:6      | Killed a spectral unseen horror
  6188 | D:6      | Killed pornfreak's ghost
  6371 | D:7      | Found a blossoming altar of Fedhas.
  6530 | D:7      | Reached **** piety under Trog
  6936 | D:7      | Found a stormy altar of Qazlal.
  7080 | D:7      | Reached XP level 10. HP: 104/104 MP: 10/10
  7287 | D:7      | Found a broken altar of Ashenzari.
  7291 | D:7      | Saw a vision of the Swamp and the Spider Nest.
  7291 | D:7      | Noticed a demonic crawler
  7291 | D:7      | Noticed a demonic crawler
  7291 | D:7      | Noticed an entropy weaver
  7291 | D:7      | Noticed a demonic crawler
  7291 | D:7      | Noticed a wolf spider
  7291 | D:7      | Noticed a wolf spider
  7291 | D:7      | Noticed a bog body
  7291 | D:7      | Noticed an eleionoma
  7291 | D:7      | Noticed a swamp dragon
  7292 | D:7      | Noticed a steelbarb worm
  7293 | D:7      | Noticed a demonic crawler
  7294 | D:7      | Noticed an eleionoma
  7294 | D:7      | Noticed an alligator
  7464 | D:8      | Found a staircase to the Lair.
  7536 | D:8      | Found a glowing silver altar of Zin.
  7536 | D:8      | Found a white marble altar of Elyvilon.
  7984 | D:8      | Found a glowing golden altar of the Shining One.
  8583 | D:9      | Noticed Jeremiah
  8589 | D:9      | Killed Jeremiah
  8600 | D:9      | Identified the +6 dire flail of Damp Prudence {drain, rN+
                  | Str+2 Dex+6}
  8645 | D:9      | Paralysed by a hornet for 2 turns
  9095 | D:9      | Found a shimmering blue altar of Sif Muna.
  9143 | D:9      | Reached XP level 11. HP: 103/115 MP: 11/11
  9157 | D:10     | Entered Level 10 of the Dungeon
  9171 | D:10     | HP: 5/172 [yak (5)]
  9173 | D:10     | Slain by a yak

Illustrated notes

Levels and vault maps discovered:
D:1:      ebering_trefoil_3fold, layout_basic
D:2:      minmay_angry_zag, layout_basic, shapermc_ecumenical_altar_venn,
          serial_shops, nicolae_shop_real_fake_doors,
          chequers_serial_rivers_small_a, chequers_serial_rivers_micro_e
D:3:      layout_rooms, eat_drink_and_be_merry_uskayaw,
          mainiacjoe_overflow_brackets, minmay_misc_feat_more_columns,
          uniq_sigmund
D:4:      layout_rooms, mainiacjoe_overflow_alcove_1,
          lemuel_coloured_pillars_altar, nicolae_hepliaklqana_monster_ancestors,
          minmay_temple_entry_large_hall, serial_shops, nicolae_shop_trees
D:5:      layout_layer_cave, nicolae_kikubaaqudgha_miasma_corner,
          yredelemnul_altar_generic, minivault_27, palyth_stone_intersect
D:6:      layout_basic, kennysheep_little_box, gammafunk_ghost_necromancy,
          gup_ossuary_entry_pyramid, uniq_maggie, uniq_menkaure
D:7:      layout_loops_ring, grunt_ashenzari_visionary
          [grunt_ashenzari_visionary_swamp, grunt_ashenzari_visionary_spider],
          mainiacjoe_overflow_cross_hatched, fedhas_bush_and_centaur_altar,
          dreamdust_princess_corridor, minmay_crystal_room
D:8:      layout_basic, dreamdust_divine_triumvirate, dpeg_oklobed_lair,
          serial_corexii_hall, chequers_hall_statues_y, chequers_hall_statues_y,
          chequers_hall_statues_corner_a, chequers_hall_statues_y,
          amcnicky_mini_rare_corridor_liquid
D:9:      layout_irregular_city, tgw_sif, uniq_jeremiah
D:10:     layout_irregular_city, mainiacjoe_overflow_tiny_flanked,
          serial_demonic, serial_demonic_g, serial_demonic_b, serial_demonic_f,
          serial_demonic_f, serial_demonic_b, serial_demonic_b,
          hangedman_decor_diamond_cutter, hangedman_decor_riveting,
          nicolae_custom_books, grunt_ministairs_6, hangedman_decor_opposing

Skill      XL: |  1  2  3  4  5  6  7  8  9 10 |
---------------+-------------------------------+-----
Armour         | 1 2 3 4 5 6 7 |  7.9
Evocations     | 1 2 3 4 6 7 |  7.3
Maces & Flails | 4 5 6 8 9 |  9.5
Fighting       | 5 7 8 9 |  9.3
Dodging        | |  2.6

Action                     |  1- 3 |  4- 6 |  7- 9 | 10-12 || total
---------------------------+-------+-------+-------+-------++-------
  Melee: Mace              |    89 |    70 |   470 |    39 ||   668
         Headbutt          |    12 |    14 |    92 |    33 ||   151
         Punch             |       |       |     6 |     1 ||     7
         Flail             |       |       |    18 |       ||    18
         Dire flail        |       |       |       |   113 ||   113
 Invoke: Berserk           |     1 |     1 |     3 |     1 ||     6
  Evoke: Wand              |       |       |       |     1 ||     1
    Use: Scroll            |     3 |     8 |     8 |     4 ||    23
         Potion            |       |       |     4 |     1 ||     5
   Stab: Sleeping          |     1 |       |       |       ||     1
 Armour: Animal skin       |    84 |    76 |       |       ||   160
         Robe              |       |       |   245 |       ||   245
         Steam dragon scal |       |       |   118 |       ||   118
         Acid dragon scale |       |       |     5 |   165 ||   170
  Dodge: Dodged            |    73 |    48 |   281 |    93 ||   495
